 Dungeon Crawl Stone Soup version 0.31.0-32-g396128a36d (webtiles) character file.

Game seed: 13989820395629555057

8593 nuka the Cleaver (level 11, 0/93 (99) HPs)
             Began as a Minotaur Fighter on Apr 8, 2024.
             Was a Priest of Qazlal.
             Slain by a yak (4 damage)
             ... on level 1 of the Lair of Beasts.
             The game lasted 00:19:00 (8640 turns).

nuka the Cleaver (Minotaur Fighter)                 Turns: 8640, Time: 00:19:01

HP:   0/93 (99)     AC: 22    Str: 25    XL:     11   Next: 11%
MP:   10/11         EV:  8    Int:  5    God:    Qazlal [***...]
Gold: 596           SH:  9    Dex: 10    Spells: 10/10 levels left

rFire   + + .        D - +2 war axe
rCold   . . .        c - +0 buckler
rNeg    . . .        m - +6 chain mail of Gozag's Brutal Revenge {rF++ Will+}
rPois   +            E - +2 hood of the Assassin {Detect Stab+ Stlth++}
rElec   .            A - +0 cloak
rCorr   .            L - +0 pair of gloves
SInv    .            (no boots)
Will    +....        (no amulet) Stlth
                     l - ring of poison resistance
HPRegen 0.35/turn    (no ring)
MPRegen 0.12/turn

%: no passive effects
@: mighty, drained
A: horns 2, retaliatory headbutt
a: Renounce Religion, Upheaval, Elemental Force


You were on level 1 of the Lair of Beasts.
You worshipped Qazlal.
Qazlal was most pleased with you.
You visited 3 branches of the dungeon, and saw 10 of its levels.

You collected 596 gold pieces.

Inventory:

Hand Weapons
 D - a +2 war axe (weapon)
Missiles
 C - 19 poisoned darts (quivered)
Armour
 a - a +3 ring mail
 b - a +0 scale mail
 c - a +0 buckler (worn)
 m - the +6 chain mail of Gozag's Brutal Revenge (worn) {rF++ Will+}
   (You found it on level 2 of the Dungeon)

   rF++:      It greatly protects you from fire.
   Will+:     It increases your willpower.
 A - a +0 cloak (worn)
 E - the +2 hood of the Assassin (worn) {Detect Stab+ Stlth++}
   (You found it on level 7 of the Dungeon)

   Detect:    It allows the wearer to sense nearby creatures.
   Stab+:     It allows the wearer to make particularly effective stabbing
   attacks against helpless or unaware enemies with any weapon.
   Stlth++:   It makes you much more stealthy.
 L - a +0 pair of gloves (worn)
Jewellery
 l - a ring of poison resistance (left hand)
 y - a ring of fire
 F - a ring of flight
 N - an amulet of faith
Wands
 u - a wand of polymorph (20)
 J - a wand of charming (8)
Scrolls
 f - 2 scrolls of enchant armour {unknown}
 h - 2 scrolls of enchant weapon {unknown}
 i - 3 scrolls of amnesia {unknown}
 j - 7 scrolls of identify {unknown}
 k - a scroll of acquirement {unknown}
 o - 3 scrolls of vulnerability {unknown}
 q - a scroll of poison {unknown}
 r - a scroll of fear {unknown}
 t - 6 scrolls of fog {unknown}
 w - 2 scrolls of brand weapon {unknown}
 x - a scroll of torment {unknown}
 B - 2 scrolls of teleportation {unknown}
 K - a scroll of blinking {unknown}
Potions
 d - a potion of might
 e - 3 potions of attraction {unknown}
 g - a potion of berserk rage {unknown}
 n - 2 potions of cancellation {unknown}
 p - a potion of ambrosia {unknown}
 s - a potion of curing {unknown}
 v - 3 potions of enlightenment {unknown}
 z - 2 potions of brilliance {unknown}
 I - a potion of resistance {unknown}
 M - 3 potions of degeneration {unknown}
Miscellaneous
 G - a phantom mirror
 H - a lightning rod (4/4)


   Skills:
 + Level 10.0 Fighting
 * Level 13.1 Axes
 + Level 10.0 Armour
 + Level 10.0 Shields
 * Level 1.5 Invocations


You had 10 spell levels left.
You didn't know any spells.
Your spell library contained the following spells:

 Spells                   Type           Power      Damage    Failure   Level
 Scorch                   Fire           0%         2d5       98%         2
 Summon Ice Beast         Ice/Summ       0%         N/A       100%        3
 Anguish                  Hex/Necr       0%         N/A       100%        4
 Cause Fear               Hex            0%         N/A       100%        4
 Flame Wave               Conj/Fire      0%         2d4       100%        4
 Passage of Golubria      Tloc           0%         N/A       100%        4
 Silence                  Hex/Air        0%         N/A       100%        5
 Summon Mana Viper        Hex/Summ       0%         N/A       100%        5
 Summon Cactus Giant      Summ           0%         N/A       100%        6
 Enfeeble                 Hex            0%         N/A       100%        7
 Monstrous Menagerie      Summ           0%         N/A       100%        7
 Lehudib's Crystal Spear  Conj/Erth      0%         10d2      100%        8


Dungeon Overview and Level Annotations

Branches:
Dungeon (8/15)             Temple (1/1) D:5            Lair (1/5) D:8

Altars:
Ashenzari
Dithmenos
Elyvilon
Fedhas
Hepliaklqana
Kikubaaqudgha
Nemelex Xobeh
Okawaru
Qazlal
Ru
Sif Muna
Trog
Uskayaw
Vehumet
Wu Jian
Xom
Yredelemnul
Zin
The Shining One

Annotations:
D:4 3 runed translucent doors, diceflayer's ghost, amateur DsGl
Lair:1 Nergalle


Innate Abilities, Weirdness & Mutations

You have a pair of horns on your head.
You reflexively headbutt those who attack you in melee.


Message History

The komodo dragon hisses menacingly.
The komodo dragon bites you!! You block the yak's attack.
The spectral orc knight unwields a +0 arbalest.
The spectral orc knight hits you but does no damage.
The yak gores you but does no damage.
You slash the komodo dragon!
The komodo dragon is severely wounded.
You slash the spectral orc knight! You slash the cane toad!
You hit the spectral orc knight but do no damage.
You hit the yak but do no damage. You hit the spectral orc.
You hit the yak but do no damage.
You completely miss the spectral orc knight.
You block the spectral orc knight's attack.
You block the cane toad's attack. The komodo dragon closely misses you.
You feel very mighty all of a sudden. The yak gores you but does no damage.
The spectral orc hits you but does no damage.
The spectral orc knight hits you with a +0 long sword.
* * * LOW HITPOINT WARNING * * *
You feel drained.
* * * LOW HITPOINT WARNING * * *
The yak gores you but does no damage. You block the cane toad's attack.
The spectral orc knight hits you.
* * * LOW HITPOINT WARNING * * *
You feel drained.
* * * LOW HITPOINT WARNING * * *
The spectral orc knight hits you with a +3 war axe.
* * * LOW HITPOINT WARNING * * *
You feel drained.
The komodo dragon bites you but does no damage.
You barely miss the komodo dragon. Your headbutt misses the komodo dragon.
The komodo dragon is severely wounded.
You barely miss the spectral orc. You slash the yak!
You hit the spectral orc knight but do no damage. x2
You hit the cane toad. You hit the spectral orc knight. You slash the yak!
The sentinel's mark upon you fades away.
The cane toad stings you!
* * * LOW HITPOINT WARNING * * *
The yak gores you.
You die...

...... P...# .
##...###.P. #
#............######
#..†## #..........
##....####.##.......
#......#.#.#P.......
...##.ZZY...............
.....ZZ@Z......######..P
...Y..FlY...#...##......
.####..o..........#.....
##......##.##)P.....
##.....##.##.P.....
#....##..##.......
......###.##.#.....
.P#.................
.##.................


You could see Nergalle, a komodo dragon, a spectral orc (summoned), a spectral
orc warrior (summoned), 3 spectral orc knights, 3 yaks and a cane toad.

Vanquished Creatures
  A skeletal warrior (D:7)
  Pikel (D:8)
  A cyclops (D:7)
  Jeremiah (D:7)
  A rime drake (Lair:1)
  A hornet (D:8)
  A slime creature (D:7)
  A shadow (D:7)
  A wraith (D:7)
  2 yaks (Lair:1)
  2 wyverns
  A steam dragon (D:6)
  2 basilisks (Lair:1)
  An acid dragon (D:7)
  8 water moccasins
  Duvessa (D:4)
  4 orc warriors
  2 black bears
  An ogre (D:5)
  3 sky beasts
  6 centaurs
  A kobold brigand (D:7)
  7 bullfrogs
  2 gnoll sergeants
  3 scorpions
  9 wights
  Dowan (D:4)
  3 howler monkeys (D:7)
  A bombardier beetle (D:5)
  3 jellies
  2 gnoll boudas
  3 orc priests
  6 hounds
  8 orc wizards
  A sleepcap (D:5)
  5 iguanas
  A hound zombie (D:4)
  11 gnolls
  12 adders
  2 white imps
  An adder zombie (D:4)
  3 dart slugs
  31 orcs
  8 ball pythons
  7 endoplasms
  3 giant cockroaches
  4 goblins
  4 hobgoblins
  6 jackals
  2 quokkas
  7 bats
  2 frilled lizards (D:1)
  14 kobolds
  6 rats
221 creatures vanquished.

Notes
Turn   | Place    | Note
-------+----------+-------------------------------------------
     0 | D:1      | nuka the Minotaur Fighter began the quest for the Orb.
     0 | D:1      | Reached XP level 1. HP: 19/19 MP: 0/0
   121 | D:1      | Reached XP level 2. HP: 25/27 MP: 1/1
   137 | D:1      | Reached skill level 3 in Axes
   308 | D:1      | Reached XP level 3. HP: 29/31 MP: 2/2
   394 | D:1      | Found a faded altar of an unknown god.
   752 | D:2      | Identified the +6 chain mail of Gozag's Brutal Revenge
                  | {rF++ Will+}
   795 | D:2      | Reached XP level 4. HP: 33/40 MP: 3/3
   876 | D:2      | Found a hazy altar of Hepliaklqana.
  1014 | D:2      | Reached skill level 4 in Axes
  1941 | D:4      | Noticed Dowan
  1941 | D:4      | Noticed Duvessa
  1946 | D:4      | Killed Duvessa
  1947 | D:4      | Reached skill level 5 in Axes
  1947 | D:4      | Reached XP level 5. HP: 27/47 MP: 4/4
  1948 | D:4      | Killed Dowan
  1949 | D:4      | Reached XP level 6. HP: 28/55 MP: 5/5
  2026 | D:4      | Reached skill level 5 in Fighting
  2026 | D:4      | Reached skill level 5 in Armour
  2026 | D:4      | Reached skill level 5 in Shields
  2776 | D:4      | Found a runed translucent gate.
  2776 | D:4      | Found a runed translucent gate.
  2776 | D:4      | Found a runed translucent gate.
  2776 | D:4      | Noticed diceflayer's ghost (amateur DsGl)
  2778 | D:4      | Found a basalt altar of Yredelemnul.
  3194 | D:5      | Entered Level 5 of the Dungeon
  3269 | D:5      | Reached skill level 6 in Axes
  3269 | D:5      | Reached XP level 7. HP: 20/61 MP: 6/6
  3901 | D:5      | Reached skill level 7 in Axes
  4014 | D:5      | Reached XP level 8. HP: 33/70 MP: 7/7
  4184 | D:5      | Found a staircase to the Ecumenical Temple.
  4276 | Temple   | Entered the Ecumenical Temple
  4298 | Temple   | Became a worshipper of Qazlal Stormbringer
  4352 | D:5      | Found a broken altar of Ashenzari.
  4352 | D:5      | Found a glowing golden altar of the Shining One.
  4850 | D:6      | Reached skill level 8 in Axes
  5346 | D:6      | Reached skill level 9 in Axes
  5466 | D:6      | Reached * piety under Qazlal
  5467 | D:6      | Reached XP level 9. HP: 28/79 MP: 8/8
  6163 | D:7      | Noticed a skeletal warrior
  6163 | D:7      | Noticed a cyclops
  6176 | D:7      | Killed a skeletal warrior
  6177 | D:7      | Reached skill level 10 in Axes
  6184 | D:7      | Killed a cyclops
  6193 | D:7      | Reached skill level 11 in Axes
  6194 | D:7      | Found the +2 hood of the Assassin {Detect Stab+ Stlth++}
  6209 | D:7      | Reached XP level 10. HP: 16/90 MP: 9/9
  6915 | D:7      | Reached ** piety under Qazlal
  6941 | D:7      | Found a glowing golden altar of the Shining One.
  6942 | D:7      | Found a shimmering altar of Xom.
  7108 | D:7      | Noticed Jeremiah
  7143 | D:7      | Killed Jeremiah
  7580 | D:8      | Reached skill level 12 in Axes
  7639 | D:8      | Found a staircase to the Lair.
  7676 | D:8      | Noticed Pikel
  7681 | D:8      | Killed Pikel
  7851 | D:8      | Found a hazy altar of Hepliaklqana.
  8254 | D:8      | Found an iron altar of Okawaru.
  8254 | D:8      | Found a radiant altar of Vehumet.
  8566 | Lair:1   | Entered Level 1 of the Lair of Beasts
  8611 | Lair:1   | Reached skill level 13 in Axes
  8618 | Lair:1   | Reached XP level 11. HP: 98/99 MP: 10/10
  8628 | Lair:1   | Reached skill level 1 in Invocations
  8628 | Lair:1   | Noticed Nergalle
  8634 | Lair:1   | Reached *** piety under Qazlal
  8635 | Lair:1   | Reached skill level 10 in Fighting
  8635 | Lair:1   | Reached skill level 10 in Armour
  8635 | Lair:1   | Reached skill level 10 in Shields
  8640 | Lair:1   | HP: 4/93 [cane toad (11)]
  8640 | Lair:1   | Slain by a yak

Illustrated notes

Levels and vault maps discovered:
D:1:      mainiacjoe_arrival_reflecting_pool, layout_rooms,
          shapermc_ecumenical_altar_hornbeckon
D:2:      layout_basic, serial_glass, glass_columns_b, glass_columns_c,
          glass_columns_a, glass_columns_b, glass_columns_a, glass_columns_b,
          glass_columns_a, glass_columns_a, basic_altar, minivault_24,
          grunt_ministairs_14
D:3:      layout_loops_cross
D:4:      layout_basic, nicolae_yredelemnul_ghost_church, uniq_duvessa
D:5:      layout_loops_ring, gammafunk_temple_overflow_elements,
          minmay_temple_entry_enclosed_plants, moated_statue, minmay_puff
D:6:      layout_cave_pools, serial_column_ruins, column_ruins_hut,
          column_ruins_hut, column_ruins_corridor_corner,
          column_ruins_columns_straight, column_ruins_open_small,
          column_ruins_grid_4, lightli_minifort
D:7:      minmay_the_grid_octo_2x2 [minmay_the_grid_octo_clover,
          minmay_the_grid_octo_clover_2, minmay_the_grid_octo_vomiting_pacman,
          minmay_the_grid_octo_prize_square_snowflake], layout_gridville,
          uniq_jeremiah
D:8:      layout_basic, grunt_temple_overflow_open, due_lair_maze_entry_diamond,
          uniq_pikel
Temple:   hellmonk_temple_forest_ring
Lair:1:   layout_gridlike, uniq_nergalle

Skill      XL: |  1  2  3  4  5  6  7  8  9 10 11 |
---------------+----------------------------------+-----
Axes           | 3 5 6 7 9 11 13 | 13.1
Shields        | 4 5 6 7 8 9 10 | 10.0
Fighting       | 4 5 6 7 8 9 10 | 10.0
Armour         | 4 5 6 7 8 9 10 | 10.0
Invocations    | 1 |  1.5

Action                     |  1- 3 |  4- 6 |  7- 9 | 10-12 || total
---------------------------+-------+-------+-------+-------++-------
  Melee: War axe           |    71 |   137 |   209 |   196 ||   613
         Headbutt          |     9 |    19 |    27 |    40 ||    95
  Evoke: Wand              |       |       |     1 |     1 ||     2
    Use: Potion            |       |     1 |     1 |     1 ||     3
 Armour: Scale mail        |    76 |       |       |       ||    76
         Chain mail        |     4 |   124 |   229 |   145 ||   502
  Dodge: Dodged            |    54 |    48 |   115 |    67 ||   284
  Block: Buckler           |    24 |    21 |    73 |   100 ||   218
